 Dungeon Crawl Stone Soup version 0.21.1-1-g345015fe64 (webtiles) character file.

62 BakaTenshi the Skirmisher (level 3, 0/33 HPs)
             Began as a Minotaur Fighter on June 7, 2018.
             Slain by an orc wizard
             ... wielding a +0 dagger
              (1 damage)
             ... on level 4 of the Dungeon.
             The game lasted 00:02:43 (1085 turns).

BakaTenshi the Skirmisher (Minotaur Fighter)        Turns: 1085, Time: 00:02:43

Health: 0/33       AC:  8    Str: 20    XL:     3   Next: 85%
Magic:  2/2        EV:  7    Int:  6    God:
Gold:   40         SH:  0    Dex:  9    Spells: 2/2 levels left

rFire    . . .     SeeInvis .   a - +0 war axe
rCold    . . .     Gourm    +   c - +0 shield
rNeg     . . .     Faith    .   b - +0 scale mail
rPois    .         Spirit   .   q - +0 hat
rElec    .         Reflect  .   (no cloak)
rCorr    .         Harm     .   (no gloves)
MR       .....                  e - +0 pair of boots
Stlth    ..........             o - amulet of the gourmand
HPRegen  0.11/turn              (no ring)
MPRegen  0.08/turn              (no ring)

@: confused, lethally poisoned (0 -> -8)
A: retaliatory headbutt, horns 2
a: no special abilities


You were on level 4 of the Dungeon.
You were not hungry.

You visited 1 branch of the dungeon, and saw 3 of its levels.

You collected 40 gold pieces.

Inventory:

Hand Weapons
 a - a +0 war axe (weapon)
Missiles
 h - 130 stones (quivered)
Armour
 b - a +0 scale mail (worn)
 c - a +0 shield (worn)
 e - a +0 pair of boots (worn)
 q - a +0 hat (worn)
Jewellery
 o - an amulet of the gourmand (around neck)
Scrolls
 g - a scroll of teleportation {unknown}
 i - 2 scrolls of identify {unknown}
 m - a scroll of magic mapping {unknown}
 n - a scroll of remove curse {unknown}
 p - 2 scrolls of enchant armour {unknown}
Potions
 d - a potion of might
 j - a potion of brilliance {unknown}
 k - 2 potions of curing {unknown}
 l - a potion of mutation {unknown}
 r - 2 potions of heal wounds {unknown}
Comestibles
 f - 5 rations


   Skills:
 + Level 4.2 Fighting
 * Level 3.4 Axes
 + Level 1.3 Throwing
 + Level 3.9 Armour
 + Level 4.0 Shields


You had 2 spell levels left.
You didn't know any spells.

Dungeon Overview and Level Annotations

Branches:
Dungeon (2/15)

Altars:
Nemelex Xobeh
Wu Jian


Innate Abilities, Weirdness & Mutations

You reflexively headbutt those who attack you in melee.
You have a pair of horns on your head.


Message History

You are too injured to fight recklessly!
You are too injured to fight recklessly!
You hit the orc priest. Your headbutt misses the orc priest.
The orc priest is severely wounded.
You feel sick.
The orc priest miscasts a cantrip.
The orc priest looks satisfied for a moment.
You slash the orc priest!
You kill the orc priest!
Your Axes skill increases to level 3!
Your Throwing skill increases to level 1!
You feel sick.
You hear some strange, mumbled words.
You are confused.
You bump into the rock wall.
You feel sick.
The orc priest calls down the wrath of Beogh upon you.
Beogh smites you!
* * * LOW HITPOINT WARNING * * *
Something hits you.
You die...

### ##.##
########.#.##
#o()@)..###.#
.(((o######.#.##
(.# ##.## #.#
#####.####
#........#
#.###.##.#
#####.###.##.#
#............#


You could see an orc priest and an orc.

Vanquished Creatures
  An orc priest (D:4)
  An ooze (D:1)
  A dart slug (D:1)
  A leopard gecko (D:2)
  An orc (D:4)
  2 bats (D:1)
  5 goblins
  3 hobgoblins (D:1)
  3 jackals (D:1)
  2 kobolds
  2 rats
22 creatures vanquished.

Notes
Turn   | Place    | Note
-------+----------+-------------------------------------------
     0 | D:1      | BakaTenshi the Minotaur Fighter began the quest for the Orb.
     0 | D:1      | Reached XP level 1. HP: 19/19 MP: 0/0
   162 | D:1      | Reached XP level 2. HP: 23/27 MP: 1/1
   290 | D:1      | Found a sparkling altar of Nemelex Xobeh.
   817 | D:2      | Found an ornate altar of the Wu Jian Council.
   928 | D:2      | Reached XP level 3. HP: 33/33 MP: 2/2
  1041 | D:2      | You fall through a shaft for 2 floors!
  1084 | D:4      | Reached skill level 1 in Throwing
  1085 | D:4      | HP: 1/33 [orc priest/divine providence (10)]
  1085 | D:4      | Slain by an orc wizard

Skill      XL: |  1  2  3 |
---------------+----------+-----
Fighting       | 4 |  4.2
Shields        | 4 |  4.0
Axes           | 3 |  3.4
Throwing       | 1 |  1.3
Armour         | |  3.9

Action                   || total
-------------------------++-------
Melee: War axe           ||    50
       Headbutt          ||     5
Throw: Stone             ||    48
  Eat: Chunk             ||     8
Armor: Scale mail        ||    23
Dodge: Dodged            ||    17
Block: Shield            ||    24
